AoeStats
← LM | TornardoBriese

Arabia

507915609Analyzed
1v1 RM · 11d ago on Sep 20, 2026· 29m 29s· 2 players
Game mode
Random Map
Map size
Tiny (2 player)
Population
200
Speed
Normal
Resources
Standard
Victory
Conquest
Starting age
Dark Age
Ending age
Imperial Age
RankedLock teamsTeams togetherTeam positionsShared explorationLock speedFull tech treeHidden civsTurbo modeCheats
Victory
Defeat
🇨🇭 Japanese · Switzerland
1150
+14
🇧🇷 Maya · Brazil
1104
-14
Bonsai Duck
0:36 Loom
10:29 Feudal Age
10:36 Man-at-Arms
15:43 Horse Collar
17:30 Double-Bit Axe
23:58 Castle Age
25:39 Heavy Plow
28:36 Bow Saw
LM | TornardoBriese
3:17 Loom
9:53 Feudal Age
10:00 Man-at-Arms
17:00 Double-Bit Axe
18:14 Fletching
21:10 Wheelbarrow
23:48 Castle Age
21:57 Horse Collar
23:05 Padded Archer Armor
23:05 Gold Mining
25:05 Elite Skirmisher
25:42 Bodkin Arrow
28:38 Bow Saw
29:20 Scale Mail Armor
29:16 Arson
Connection lost

Rejoining the realm…

Still unreachable

The connection could not be restored.

Session expired

The server has moved on; the page needs a fresh start.